 Dungeon Crawl Stone Soup version 0.29.1-1-gd02db6906a (webtiles) character file.

Game seed: 2800157053593512635

2638 plokij the Shield-Bearer (level 9, -3/79 HPs)
             Began as a Minotaur Fighter on Oct 20, 2022.
             Was a Follower of Okawaru.
             Killed from afar by Erica (21 damage)
             ... with a lance of force
             ... on level 8 of the Dungeon.
             The game lasted 00:17:12 (8772 turns).

plokij the Shield-Bearer (Minotaur Fighter)         Turns: 8772, Time: 00:17:13

Health: -3/79      AC: 10    Str: 20    XL:     9   Next: 35%
Magic:  8/8        EV: 16    Int:  5    God:    Okawaru [*.....]
Gold:   339        SH: 11    Dex: 15    Spells: 8/8 levels left

rFire   . . .      SeeInvis .   a - +0 long sword
rCold   . . .      Faith    .   c - +0 buckler
rNeg    . . .      Spirit   .   b - +0 scale mail
rPois   .          Reflect  +   (helmet restricted)
rElec   .          Harm     .   p - +0 cloak
rCorr   .          Rampage  .   (no gloves)
Will    .....                   F - +0 pair of boots
Stlth   ..........              L - amulet of reflection
HPRegen 0.23/turn               l - +4 ring of evasion
MPRegen 0.11/turn               (no ring)

@: slowed, very slow
A: horns 2, retaliatory headbutt
a: Renounce Religion, Heroism


You were on level 8 of the Dungeon.
You worshipped Okawaru.
Okawaru was aware of your devotion.
You visited 2 branches of the dungeon, and saw 9 of its levels.
You also visited: Ossuary.

You collected 339 gold pieces.

Inventory:

Hand Weapons
 a - a +0 long sword (weapon)
 z - a +0 shortbow
Missiles
 y - a throwing net (quivered)
Armour
 b - a +0 scale mail (worn)
 c - a +0 buckler (worn)
 p - a +0 cloak (worn)
 F - a +0 pair of boots (worn)
 I - +0 steam dragon scales
Magical Staves
 o - a staff of fire
 C - a staff of poison
 E - a staff of air
Jewellery
 l - a +4 ring of evasion (left hand)
 B - a ring of resist corrosion
 L - an amulet of reflection (around neck)
Wands
 q - a wand of paralysis (18)
 D - a wand of iceblast (6)
 G - a wand of flame (35)
Scrolls
 f - 3 scrolls of blinking {unknown}
 g - 2 scrolls of noise {unknown}
 h - 9 scrolls of enchant armour {unknown}
 k - 5 scrolls of fear {unknown}
 m - 8 scrolls of identify {unknown}
 n - a scroll of brand weapon {unknown}
 s - 5 scrolls of teleportation {unknown}
 u - 2 scrolls of poison {unknown}
 A - a scroll of fog {unknown}
 H - a scroll of magic mapping {unknown}
 J - 2 scrolls of vulnerability {unknown}
 K - a scroll of enchant weapon {unknown}
Potions
 d - 2 potions of might
 e - 5 potions of heal wounds {unknown}
 i - 3 potions of lignification {unknown}
 j - a potion of cancellation {unknown}
 r - 3 potions of curing {unknown}
 t - 2 potions of degeneration {unknown}
 v - a potion of haste {unknown}
 w - a potion of invisibility {unknown}
 x - 2 potions of flight {unknown}


   Skills:
 + Level 7.3 Fighting
 + Level 7.4 Long Blades
 + Level 7.2 Armour
 + Level 7.0 Dodging
 + Level 7.4 Shields


You had 8 spell levels left.
You didn't know any spells.
Your spell library contained the following spells:

 Spells                   Type           Power      Damage    Failure   Level
 Magic Dart               Conj           0%         1d3       86%         1
 Mephitic Cloud           Conj/Pois/Air  0%         N/A       99%         3
 Portal Projectile        Hex/Tloc       0%         N/A       99%         3
 Alistair's Intoxication  Tmut/Pois      0%         N/A       100%        5
 Blade Hands              Tmut           0%         N/A       100%        5
 Borgnjor's Vile Clutch   Necr/Erth      0%         N/A       100%        5
 Eringya's Noxious Bog    Tmut/Pois      0%         N/A       100%        6
 Call Imp                 Summ           Unusable   N/A       N/A         2
 Tukima's Dance           Hex            Unusable   N/A       N/A         3

Dungeon Overview and Level Annotations

Branches:
Dungeon (7/15)             Temple (1/1) D:6         Ossuary (visited)

Altars:
Ashenzari
Cheibriados
Dithmenos
Elyvilon
Gozag
Hepliaklqana
Kikubaaqudgha
Makhleb
Okawaru
Qazlal
Ru
Sif Muna
Trog
Uskayaw
Vehumet
Wu Jian
Yredelemnul
Zin
The Shining One

Shops:
D:3 [   D:4 !

Annotations:
D:8 Erica


Innate Abilities, Weirdness & Mutations

You have a pair of horns on your head.
You reflexively headbutt those who attack you in melee.


Message History

You hear some strange, mumbled words.
You are confused.
The bullfrog hits you. Something hits you! Something burns you.
You hit the bullfrog. Your headbutt misses the bullfrog.
The bullfrog is almost dead.
Erica appears from thin air!
Reactivating autopickup.
The bullfrog hits you.
Erica says, "I love to fight, but killing is better."
Erica hits you with a +0 scimitar of flaming!
Erica burns you. The bullfrog misses you. The bullfrog hits you.
The bullfrog misses you.
Erica zaps a wand.
You suddenly lose the ability to move!
The bullfrog hits you but does no damage.
The bullfrog hits you but does no damage.
Erica hits you but does no damage. The bullfrog barely misses you.
Erica gestures at you while chanting.
You feel as though you will be slow longer.
The bullfrog hits you.
You feel less confused. The bullfrog hits you.
Erica hits you with a +0 scimitar of flaming!
Erica burns you.
* * * LOW HITPOINT WARNING * * *
You can move again.
You slash the bullfrog!
You kill the bullfrog!
Okawaru accepts your kill.
Erica hits you with a +0 scimitar of flaming.
* * * LOW HITPOINT WARNING * * *
Erica burns you.
* * * LOW HITPOINT WARNING * * *
Erica zaps a wand.
You shrug off the repeated paralysis!
Erica attacks as you move away! You block Erica's attack.
Erica casts a spell at you.
You feel as though you will be slow longer.
Erica points at you and mumbles some strange words.
The lance of force hits you!!
You die...

########'###
#..........#
#..........#
#..........#
#..........#
#......@...+
#..........#
#..........#
#........@.#
#..........#
#..........+
#..........#
##########.#
.# .# ..


You could see Erica.

Vanquished Creatures
  Maggie (D:7)
  Prince Ribbit (D:7)
  A wraith (Ossuary)
  A steam dragon (D:7)
  An orc warrior (D:6)
  2 ice beasts
  2 ogres (D:5)
  2 centaurs
  A phantom (D:5)
  A kobold brigand (D:6)
  3 bullfrogs
  A gnoll sergeant (D:5)
  A necrophage (D:6)
  3 scorpions
  A howler monkey (D:7)
  3 hounds
  Natasha (thrice) (D:2)
  3 iguanas
  4 orc wizards
  A mummy (Ossuary)
  8 gnolls
  3 adders
  2 shadow imps
  A white imp (D:5)
  3 ufetubi
  2 worms
  2 dart slugs
  14 orcs
  5 ball pythons
  An endoplasm (D:1)
  2 giant cockroaches
  10 goblins
  6 hobgoblins
  6 jackals
  2 quokkas
  4 bats
  3 frilled lizards
  4 gnoll skeletons (Ossuary)
  10 kobolds
  8 kobold skeletons (Ossuary)
  13 orc skeletons (Ossuary)
  7 rats
  2 rat zombies (D:4)
154 creatures vanquished.

Notes
Turn   | Place    | Note
-------+----------+-------------------------------------------
     0 | D:1      | plokij the Minotaur Fighter began the quest for the Orb.
     0 | D:1      | Reached XP level 1. HP: 19/19 MP: 0/0
    61 | D:1      | Reached XP level 2. HP: 21/27 MP: 1/1
  1024 | D:2      | Reached skill level 1 in Dodging
  1026 | D:2      | Noticed Natasha
  1034 | D:2      | Killed Natasha
  1035 | D:2      | Reached XP level 3. HP: 11/33 MP: 2/2
  1195 | D:2      | Noticed Natasha
  1202 | D:2      | Killed Natasha
  1203 | D:2      | Reached XP level 4. HP: 28/40 MP: 3/3
  1487 | D:2      | Noticed Natasha
  1493 | D:2      | Killed Natasha
  1844 | D:2      | Identified the +8 dagger "Suceit Ila" {pain, Contam rElec
                  | rF- Dex+9}
  1984 | D:3      | Found Diumutwa's Armour Shoppe.
  2107 | D:3      | Found a faded altar of an unknown god.
  2202 | D:3      | Reached XP level 5. HP: 46/46 MP: 4/4
  3121 | D:4      | Found Rusuokk's Distillery.
  3179 | D:4      | Found a basalt altar of Yredelemnul.
  3221 | D:4      | Found a sand-covered staircase.
  3229 | Ossuary  | Entered an ossuary
  3229 | Ossuary  | Noticed a wraith
  3229 | Ossuary  | Noticed a wraith
  3229 | Ossuary  | Noticed a wraith
  3401 | Ossuary  | Noticed a wraith
  3436 | Ossuary  | HP: 2/47 [wraith (12)]
  3437 | Ossuary  | Killed a wraith
  3438 | Ossuary  | Reached skill level 5 in Long Blades
  3438 | Ossuary  | Reached XP level 6. HP: 2/55 MP: 5/5
  3779 | D:4      | Reached skill level 5 in Shields
  3784 | D:4      | Reached skill level 5 in Fighting
  4039 | D:5      | Entered Level 5 of the Dungeon
  4145 | D:5      | Reached skill level 5 in Armour
  4145 | D:5      | Reached XP level 7. HP: 24/61 MP: 6/6
  4956 | D:5      | Reached skill level 5 in Dodging
  4956 | D:5      | Reached XP level 8. HP: 64/70 MP: 7/7
  7040 | D:6      | Found a staircase to the Ecumenical Temple.
  7056 | Temple   | Entered the Ecumenical Temple
  7218 | Temple   | Became a worshipper of Warmaster Okawaru
  7382 | D:7      | Noticed Prince Ribbit
  7869 | D:7      | Killed Prince Ribbit
  8009 | D:7      | Reached XP level 9. HP: 78/78 MP: 8/8
  8207 | D:7      | Found a shadowy altar of Dithmenos.
  8208 | D:7      | Found a hazy altar of Hepliaklqana.
  8208 | D:7      | Noticed Maggie
  8248 | D:7      | Killed Maggie
  8598 | D:7      | You fall into a shaft and drop 1 floor!
  8621 | D:8      | Reached * piety under Okawaru
  8731 | D:8      | Noticed Erica
  8736 | D:8      | Paralysed by Erica for 4 turns
  8750 | D:8      | Paralysed by something for 3 turns
  8757 | D:8      | Paralysed by something for 3 turns
  8766 | D:8      | Paralysed by Erica for 4 turns
  8772 | D:8      | Killed from afar by Erica

Illustrated notes

Levels and vault maps discovered:
D:1:      dpeg_arrival_arbitrary_b, layout_basic
D:2:      layout_loops_ring, minivault_24, uniq_natasha
D:3:      layout_basic, serial_shops, nicolae_shop_advertising_works
          [nicolae_subvault_shop_adworks], hellmonk_ecumenical_altar_run_dry
D:4:      layout_loops_ring, kennysheep_mini_moat, serial_shops, shop,
          enter_ossuary_4
D:5:      layout_gridville, corner_web_ring, st_stairs_13
D:6:      layout_basic, temple_hall
D:7:      layout_loops_cross, riverfiend_overflow_shadow_ancestor,
          nicolae_fountain_basement, uniq_maggie, uniq_pikel,
          uniq_prince_ribbit1
D:8:      layout_basic, lair_entry_dummy, bh_walls_and_bars, uniq_erica
Temple:   regret_index_temple_sphere_string

Skill      XL: |  1  2  3  4  5  6  7  8  9 |
---------------+----------------------------+-----
Long Blades    | 3 4 5 6 7 |  7.4
Dodging        | 1 3 5 6 7 |  7.0
Shields        | 4 5 6 7 |  7.4
Fighting       | 4 5 6 7 |  7.3
Armour         | 4 5 6 7 |  7.2

Action                   |  1- 3 |  4- 6 |  7- 9 || total
-------------------------+-------+-------+-------++-------
Melee: Long sword        |    54 |   163 |   230 ||   447
       Headbutt          |     4 |    34 |    45 ||    83
  Use: Potion            |       |     1 |       ||     1
Armor: Scale mail        |    22 |    52 |    63 ||   137
Dodge: Dodged            |    32 |   110 |   174 ||   316
Block: Buckler           |    12 |    48 |    78 ||   138
       Reflection        |       |       |     2 ||     2
